 Dungeon Crawl Stone Soup version 0.17.2-1-ge4368a0 (webtiles) character file.

212 Rottenbandages the Insei (level 5, -12/43 HPs)
             Began as a Mummy Monk on Oct 29, 2017.
             Mangled by a gnoll
             ... wielding a +0 halberd
              (15 damage)
             ... on level 3 of the Dungeon.
             The game lasted 00:07:34 (4820 turns).

Rottenbandages the Insei (Mummy Monk)               Turns: 4820, Time: 00:07:34

Health: -12/43     AC:  2    Str: 15    XL:     5   Next: 58%
Magic:  5/5        EV: 13    Int:  9    God:
Gold:   168        SH:  0    Dex: 15    Spells: 0 memorised, 4 levels left

rFire  x . .     SeeInvis .       - Unarmed
rCold  + . .     Clarity  .     (no armour)
rNeg   + + +     SustAt   .     (no shield)
rPois  ∞         Gourm    .     c - +0 helmet
rElec  .         Spirit   .     (no cloak)
rCorr  .         Warding  .     (no gloves)
rMut   .         Stasis   .     h - +0 pair of boots
MR     .....                    (no amulet)
Stlth  ++........               (no ring)
                                (no ring)

@: not resistant to hostile enchantments, unstealthy
A: no food or potions, fire vulnerability, cold resistance 1, negative energy
resistance 3, torment resistance, unbreathing
a: no special abilities


You were on level 3 of the Dungeon.
You were not hungry.

You visited 1 branch of the dungeon, and saw 3 of its levels.

You collected 168 gold pieces.


Innate Abilities, Weirdness & Mutations

You do not eat or drink.
Your flesh is vulnerable to fire.
You are immune to poison.
Your flesh is cold resistant.
You are immune to negative energy.
You are immune to unholy pain and torment.
You can survive without breathing.


   Skills:
 + Level 4.5 Fighting
 - Level 2.4 Dodging
 - Level 1.5 Stealth
 - Level 5.0 Unarmed Combat


You had 4 spell levels left.
You didn't know any spells.

Inventory:

Armour
 c - a +0 helmet (worn)
 d - a +0 animal skin
 h - a +0 pair of boots (worn)
Scrolls
 a - a scroll of teleportation {unknown}
 b - 3 scrolls of identify {unknown}
 e - a scroll of magic mapping {unknown}
 f - a scroll of noise {unknown}
 g - a scroll of random uselessness {unknown}

Dungeon Overview and Level Annotations

Branches:
Dungeon (3/15)

Altars:
Ashenzari
Cheibriados
Kikubaaqudgha
The Shining One

........▒.▒▒▒.....▒.▒.▒.▒
........▒...........▒.▒.▒▒▒▒▒
........▒▒▒▒▒▒▒▒▒▒▒▒▒.▒.▒....
........▒▒▒▒ ▒...▒.▒.▒▒▒
.......g...▒ ▒.▒▒▒.▒.▒
▒▒▒........▒▒▒▒ ▒.▒ ▒.▒.▒▒▒
▒.......))..▒ ▒.▒ ▒......
▒........▒▒g▒▒▒▒▒.▒ ▒▒▒.▒▒▒
▒........▒M.......▒▒▒▒▒.▒
▒....^...▒..............▒
▒........▒.▒▒▒▒▒▒▒▒▒▒▒▒▒▒
▒........▒........▒
▒........▒▒▒▒▒▒▒▒.▒▒▒▒▒▒
▒▒▒▒▒▒▒▒.................
▒▒▒▒▒▒▒▒▒▒.▒▒▒▒▒▒▒ ▒.▒ ▒.▒


You could see a gnoll.


Message History

You take 4 damage, and have 39/43 hp!
You barely miss the gnoll!
The gnoll is almost dead!
The gnoll hits you with a halberd!!!
You take 7 damage, and have 32/43 hp!
You closely miss the gnoll!
The gnoll is almost dead!
The gnoll hits you with a halberd!
You take 2 damage, and have 30/43 hp!
You closely miss the gnoll!
The gnoll is almost dead!
You barely miss the gnoll!
The gnoll is almost dead!
The gnoll closely misses you!
You beat the gnoll but do no damage!
The gnoll is almost dead!
The gnoll hits you with a halberd!!! * * * don't die
* * * You take 14 damage, and have 17/43 hp!
MASSIVE DAMAGE!!!!!!
You closely miss the gnoll!
The gnoll is almost dead!
The gnoll hits you with a halberd!!! * * * don't die
* * * You take 14 damage, and have 3/43 hp!
MASSIVE DAMAGE!!!!!!
You beat the gnoll but do no damage!
The gnoll is almost dead!
You pulverise the gnoll but do no damage!
The gnoll is almost dead!
The gnoll hits you with a halberd!!! rip

Action                   |  1- 3 |  4- 6 || total
-------------------------+-------+-------++-------
Melee: Unarmed           |   146 |   163 ||   309
 Stab: Sleeping          |     6 |     2 ||     8

Vault maps used:
D:1:      dpeg_arrival_concentric_ovals
D:2:      lemuel_crystal_altar, grunt_temple_overflow_open,
          kennysheep_small_spiral, minmay_misc_feat_more_columns, uniq_robin
D:3:      first_bread, minmay_misc_feat_roman

Notes
Turn   | Place    | Note
--------------------------------------------------------------
     0 | D:1      | Rottenbandages the Mummy Monk began the quest for the Orb.
     0 | D:1      | Reached XP level 1. HP: 18/18 MP: 1/1
   398 | D:1      | Reached XP level 2. HP: 18/24 MP: 2/2
   829 | D:1      | You fall through a shaft!
  1038 | D:1      | Reached skill level 4 in Unarmed Combat
  1405 | D:2      | Reached XP level 3. HP: 26/29 MP: 3/3
  1515 | D:2      | Noticed Robin
  1740 | D:1      | Killed Robin
  2094 | D:2      | Found a snail-covered altar of Cheibriados.
  2676 | D:2      | Reached XP level 4. HP: 30/35 MP: 4/4
  3023 | D:2      | Found an ancient bone altar of Kikubaaqudgha.
  3023 | D:2      | Found a glowing golden altar of the Shining One.
  3025 | D:2      | Found a shattered altar of Ashenzari.
  3587 | D:2      | Reached skill level 5 in Unarmed Combat
  4056 | D:3      | Reached XP level 5. HP: 36/42 MP: 5/5
  4199 | D:3      | Reached skill level 4 in Fighting
  4818 | D:3      | HP: 3/43 [gnoll/halberd (14)]
  4820 | D:3      | Mangled by a gnoll

Vanquished Creatures
  An orc priest (D:3)
  Robin (D:1)
  3 gnolls (D:3)
  6 adders
  An ooze (D:1)
  2 worms (D:2)
  3 orcs (D:3)
  A ball python (D:1)
  5 bats
  6 giant cockroaches
  13 goblins
  14 hobgoblins
  8 kobolds
  A giant gecko (D:2)
  9 giant newts
  7 rats
81 creatures vanquished.
